 Dungeon Crawl Stone Soup version 0.29.1-15-g9cfb28693d (webtiles) character file.

Game seed: 10922976056771941887

2871 Coron the Protected (level 10, -3/86 HPs)
             Began as a Meteoran Fighter on Mar 24, 2023.
             Was a Follower of Makhleb.
             Slain by a killer bee (7 damage)
             ... on level 8 of the Dungeon.
             The game lasted 00:18:10 (2377 turns).

Coron the Protected (Meteoran Fighter)              Turns: 2377, Time: 00:18:11

Health: -3/86      AC: 14    Str: 21    XL:     10   Next: 25%
Magic:  14/14      EV:  9    Int: 12    God:    Makhleb [*.....]
Gold:   196        SH:  5    Dex: 13    Spells: 9/9 levels left

rFire   . . .      SeeInvis .   q - +0 hand axe (elec)
rCold   . . .      Faith    .   c - +0 buckler
rNeg    . . .      Spirit   .   b - +0 scale mail
rPois   .          Reflect  .   t - +2 helmet
rElec   .          Harm     .   (no cloak)
rCorr   .          Rampage  .   e - +1 pair of gloves
Will    +....                   (no boots)
Stlth   ..........              (no amulet)
HPRegen 0.24/turn               (no ring)
MPRegen 0.14/turn               (no ring)

@: lethally poisoned (-3 -> -8), glowing
A: sense surroundings 2, otherworldly, glowing, explore regen
a: Renounce Religion


You were on level 8 of the Dungeon.
You worshipped Makhleb.
Makhleb was aware of your devotion.
You visited 2 branches of the dungeon, and saw 9 of its levels.
You also visited: Sewer.

You collected 196 gold pieces.

Inventory:

Hand Weapons
 a - a +0 war axe
 q - a +0 hand axe of electrocution (weapon)
Armour
 b - a +0 scale mail (worn)
 c - a +0 buckler (worn)
 e - a +1 pair of gloves (worn)
 f - a +0 chain mail
 t - a +2 helmet (worn)
 v - the +8 plate armour "Fett" {Harm}
   (You found it on level 7 of the Dungeon)

   Harm:      It increases damage dealt and taken.
 A - a +0 chain mail
Jewellery
 y - a ring of wizardry
Wands
 j - a wand of acid (3)
 r - a wand of digging (8)
 s - a wand of paralysis (4)
Scrolls
 d - a scroll of poison
 i - a scroll of summoning
 k - a scroll of enchant weapon {unknown}
 u - a scroll of identify {unknown}
 w - a scroll of fear {unknown}
 x - a scroll of butterflies {unknown}
Potions
 g - a potion of ambrosia {unknown}
 h - 2 potions of curing {unknown}
 l - 3 potions of heal wounds {unknown}
 m - 2 potions of might
 n - a potion of cancellation {unknown}
 o - 2 potions of brilliance {unknown}
 p - a potion of invisibility {unknown}
 z - a potion of mutation {unknown}


   Skills:
 - Level 7.0 Fighting
 + Level 9.8 Axes
 - Level 10.0 Armour
 - Level 5.0 Shields
 - Level 4.0 Invocations


You had 9 spell levels left.
You didn't know any spells.
Your spell library contained the following spells:

 Spells                   Type           Power      Damage    Failure   Level
 Sting                    Tmut/Pois      0%         1d3       69%         1
 Poisonous Vapours        Pois/Air       0%         N/A       83%         2
 Call Canine Familiar     Summ           0%         N/A       96%         3
 Portal Projectile        Hex/Tloc       0%         N/A       96%         3
 Leda's Liquefaction      Hex/Erth       0%         N/A       100%        4
 Olgreb's Toxic Radiance  Pois           0%         N/A       100%        4


Dungeon Overview and Level Annotations

Branches:
Dungeon (8/15) Zot: 2660   Temple (1/1) D:4 Zot: 543   Sewer (visited)
   Lair: D:8-11

Altars:
Ashenzari
Cheibriados
Dithmenos
Elyvilon
Fedhas
Hepliaklqana
Kikubaaqudgha
Makhleb
Nemelex Xobeh
Okawaru
Uskayaw
Vehumet
Wu Jian
Xom
Yredelemnul
Zin
The Shining One

Shops:
D:5 :=


Innate Abilities, Weirdness & Mutations

You passively map the area around you.
You are easily found by Zot.
You glow in the dark.
You regain HP and MP as you explore.


Message History

Lightning courses through the killer bee!
You kill the killer bee!
Makhleb accepts your kill.
You feel better.
You slash the killer bee! You barely miss the killer bee.
* * * LOW HITPOINT WARNING * * *
You feel very sick.
The killer bee stings you but does no damage.
The killer bee barely misses you.
You miss the killer bee.
The killer bee is heavily wounded.
You barely miss the water moccasin. You miss the killer bee.
You hear the faint creaking of a very distant portcullis.
* * * LOW HITPOINT WARNING * * *
You feel sick. The killer bee stings you.
* * * LOW HITPOINT WARNING * * *
The killer bee stings you but does no damage.
The water moccasin barely misses you.
The killer bee stings you but does no damage.
The killer bee closely misses you.
You hit the killer bee.
The killer bee is heavily wounded.
You hit the water moccasin. You closely miss the killer bee.
* * * LOW HITPOINT WARNING * * *
You feel sick.
The killer bee stings you but does no damage. x2
The water moccasin misses you. The killer bee barely misses you.
You block the killer bee's attack.
The water moccasin bites you but does no damage.
You hit the killer bee but do no damage.
The killer bee is heavily wounded.
You hit the killer bee but do no damage.
Lightning courses through the killer bee!
You kill the killer bee!
Makhleb accepts your kill.
You slash the water moccasin!
* * * LOW HITPOINT WARNING * * *
You feel sick.
The killer bee stings you but does no damage.
You block the water moccasin's attack. The killer bee stings you!
You die...

* , * , , ,
,,######* , ,
.....## , ,
,.....## ,,
,.....## ,
.....# * , ,
..>.# , ,, *
#Sy.# , #@..#
, , ##..#
#..# , ,,
#..# * , #..#
, #..# ## * ,
** ##..###.#
* ###.......#
* * *
###.......###


You could see a water moccasin and a killer bee.

Vanquished Creatures
  A two-headed ogre (D:8)
  Joseph (D:7)
  Grinder (D:6)
  Sigmund (D:2)
  2 water moccasins (D:8)
  A black bear (D:6)
  2 ice beasts
  A centaur (D:5)
  A phantom (D:7)
  A kobold brigand (D:7)
  A bullfrog (D:8)
  A scorpion (D:5)
  A necrophage (D:5)
  4 killer bees (D:8)
  A howler monkey (D:5)
  4 jellies
  An orc priest (D:5)
  A gnoll bouda (D:7)
  4 hounds (D:5)
  2 orc wizards (D:5)
  Robin (D:2)
  5 adders
  3 gnolls (D:7)
  A river rat (Sewer)
  An ufetubus (D:5)
  2 worms
  2 dart slugs
  9 orcs
  8 endoplasms
  8 giant cockroaches
  15 goblins
  4 hobgoblins
  2 jackals (D:3)
  15 kobolds
  5 quokkas
  4 ball pythons
  4 bats
  7 frilled lizards
  4 rats
132 creatures vanquished.

Notes
Turn   | Place    | Note
-------+----------+-------------------------------------------
     0 | D:1      | Coron the Meteoran Fighter began the quest for the Orb.
     0 | D:1      | Reached XP level 1. HP: 19/19 MP: 2/2
    75 | D:1      | Reached XP level 2. HP: 25/26 MP: 3/3
    80 | D:2      | Noticed Robin
    87 | D:2      | Reached XP level 3. HP: 20/31 MP: 4/4
    90 | D:2      | Killed Robin
    91 | D:2      | Reached skill level 4 in Armour
    99 | D:2      | Reached XP level 4. HP: 19/40 MP: 5/5
   150 | D:2      | Found a broken altar of Ashenzari.
   272 | D:2      | Noticed Sigmund
   281 | D:2      | Killed Sigmund
   282 | D:2      | Reached skill level 6 in Armour
   282 | D:2      | Reached XP level 5. HP: 29/46 MP: 6/6
   282 | D:2      | Reached XP level 6. HP: 33/52 MP: 7/7
   353 | D:3      | Found a glowing drain.
   381 | Sewer    | Entered a sewer
   474 | Sewer    | Reached skill level 5 in Axes
   514 | Sewer    | Found a viscous altar of Jiyva.
   519 | Sewer    | Reached XP level 7. HP: 13/59 MP: 8/8
   681 | D:3      | Found a shimmering altar of Xom.
   683 | D:3      | Found a glowing golden altar of the Shining One.
   831 | D:3      | Found a glowing silver altar of Zin.
  1007 | D:4      | Found a staircase to the Ecumenical Temple.
  1016 | Temple   | Entered the Ecumenical Temple
  1047 | Temple   | Became a worshipper of Makhleb the Destroyer
  1227 | D:5      | Entered Level 5 of the Dungeon
  1310 | D:5      | Reached skill level 5 in Shields
  1338 | D:5      | Found a snail-covered altar of Cheibriados.
  1353 | D:5      | Reached XP level 8. HP: 29/66 MP: 9/9
  1388 | D:5      | Found Vunomyps's Self-Improvement Boutique.
  1458 | D:5      | Reached skill level 7 in Armour
  1502 | D:5      | Reached skill level 5 in Fighting
  1592 | D:5      | Found Luzoud's Jewellery Emporium.
  1716 | D:6      | Noticed Grinder
  1730 | D:6      | Killed Grinder
  1735 | D:6      | Gained mutation: You passively map the area around you.
                  | [Meteoran growth]
  1735 | D:6      | Reached XP level 9. HP: 65/75 MP: 9/11
  1782 | D:6      | Identified the +1 robe of Noon {rN+++ rCorr Slay+2
                  | Archmagi}
  1888 | D:7      | Reached * piety under Makhleb
  1984 | D:7      | Noticed Joseph
  2007 | D:7      | Killed Joseph
  2008 | D:7      | Reached skill level 8 in Armour
  2018 | D:7      | Found a blossoming altar of Fedhas.
  2020 | D:7      | Identified the +8 plate armour "Fett" {Harm}
  2360 | D:8      | Noticed a two-headed ogre
  2369 | D:8      | Killed a two-headed ogre
  2370 | D:8      | Reached skill level 10 in Armour
  2370 | D:8      | Reached XP level 10. HP: 42/86 MP: 14/14
  2377 | D:8      | HP: 4/86 [poisoned by a killer bee]
  2377 | D:8      | Slain by a killer bee

Illustrated notes

Levels and vault maps discovered:
D:1:      giann_horns, layout_basic, shapermc_ecumenical_altar_totnotflames
D:2:      layout_loops_ring, basic_altar, uniq_sigmund, uniq_robin
D:3:      layout_rooms, nicolae_sif_muna_condensation, zin_scriptorium,
          minitemple, mainiacjoe_overflow_catwalk_spiral,
          cheibrodos_sewer_entry_drain, nicolae_underground_beach
D:4:      layout_loops_cross, minmay_temple_entry_stoned_glass
D:5:      layout_loops_ring, mainiacjoe_overflow_cross_hatched, serial_shops,
          shop, nicolae_shop_self_help
D:6:      layout_basic, uniq_blork_the_orc, uniq_grinder
D:7:      layout_basic, fedhas_altar_1, uniq_joseph
D:8:      layout_layer_cave, enter_bailey_4
Temple:   chequers_temple_sunken

Skill      XL: |  1  2  3  4  5  6  7  8  9 |
---------------+----------------------------+-----
Shields        | 4 5 |  5.0
Axes           | 3 4 5 6 8 9 |  9.8
Armour         | 4 6 7 10 | 10.0
Fighting       | 4 6 7 |  7.0
Invocations    | 2 4 |  4.0

Action                   |  1- 3 |  4- 6 |  7- 9 | 10-12 || total
-------------------------+-------+-------+-------+-------++-------
Melee: War axe           |    32 |   107 |    13 |       ||   152
       Hand axe          |       |       |   237 |     8 ||   245
Evoke: Wand              |       |       |     4 |       ||     4
  Use: Potion            |       |     1 |       |       ||     1
       Scroll            |       |       |     3 |       ||     3
 Stab: Paralysed         |       |       |    11 |       ||    11
Armor: Scale mail        |    34 |    43 |   127 |    22 ||   226
Dodge: Dodged            |    14 |    40 |    75 |     8 ||   137
Block: Buckler           |    10 |    23 |    55 |     5 ||    93
